Map: Abyssal Reef LE

Players

MaNa

  • Race: Protoss Protoss
  • Spawn Location: 5:00

Lambo - Winner!

  • Race: Zerg Zerg
  • Spawn Location: 11:00

Event: WCS Austin 2017

VOD

Have the link to the VOD?

Description

Time

  • Played on: April 28, 2017, 9:05 p.m.
  • Length: 16:54

All games in this series

Show
View Real Time Build Order
Export as new Build Order

MaNa Protoss 

Build Orders: 1 Gate Expand 

Get SALT Encoding   

  12  0:00  Probe (Chrono Boost)  
  13  0:11  Probe (Chrono Boost)  
  14  0:17  Pylon  
  14  0:22  Probe (Chrono Boost)  
  15  0:36  Probe (Chrono Boost)  
  15  0:38  Gateway  
  16  0:46  Probe (Chrono Boost)  
  17  0:51  Assimilator  
  18  0:57  Probe (Chrono Boost)  
  18  1:07  Probe (Chrono Boost)  
  19  1:18  Probe (Chrono Boost)  
  20  1:27  Nexus  
  20  1:36  Cybernetics Core  
  20  1:38  Probe (Chrono Boost)  
  21  1:43  Assimilator  
  21  1:49  Probe (Chrono Boost)  
  21  1:53  Pylon  
  22  2:00  Probe (Chrono Boost)  
  23  2:09  Stalker  
  23  2:11  Warp Gate  
  23  2:13  Probe (Chrono Boost)  
  26  2:24  Probe (Chrono Boost)  
  26  2:26  Twilight Council  
  27  2:35  Probe (Chrono Boost)  
  28  2:39  Adept  
  28  2:40  Probe (Chrono Boost)  
  31  2:45  Probe (Chrono Boost)  
  31  2:50  Probe (Chrono Boost), Resonating Glaives  
  33  2:56  Probe (Chrono Boost)  
  34  3:01  Probe (Chrono Boost)  
  34  3:03  Adept  
  35  3:08  Probe (Chrono Boost)  
  38  3:16  Probe (Chrono Boost)  
  38  3:18  Gateway  
  40  3:20  Probe (Chrono Boost)  
  40  3:22  Gateway  
  40  3:26  Adept  
  41  3:28  Probe (Chrono Boost)  
  41  3:33  Probe (Chrono Boost)  
  44  3:35  Pylon  
  44  3:41  Probe (Chrono Boost)  
  45  3:45  Probe (Chrono Boost)  
  46  3:50  Stargate  
  46  3:52  Stargate  
  48  3:55  Probe (Chrono Boost)  
  48  3:57  Probe (Chrono Boost)  
  48  3:58  Assimilator  
  48  4:00  Assimilator  
  48  4:03  Pylon  
  48  4:12  Probe x2 (Chrono Boost)  
  48  4:15  Adept x2  
  54  4:21  Adept  
  56  4:26  Pylon  
  56  4:32  Phoenix  
  56  4:37  Phoenix  
  57  4:43  Probe (Chrono Boost)  
  57  4:44  Probe (Chrono Boost)  
  61  4:49  Nexus  
  61  4:55  Probe (Chrono Boost)  
  61  4:56  Probe (Chrono Boost), Phoenix  
  65  5:07  Phoenix  
  65  5:15  Probe (Chrono Boost)  
  65  5:17  Phoenix  
  66  5:22  Pylon  
  66  5:25  Adept x2  
  70  5:31  Forge  
  70  5:33  Pylon  
  70  5:37  Phoenix  
  74  5:43  Mothership Core (Chrono Boost)  
  75  5:51  Probe (Chrono Boost)  
  75  5:54  Robotics Facility  
  75  5:55  Robotics Facility  
  75  5:59  Adept x3  
  75  6:03  Probe (Chrono Boost)  
  82  6:08  Phoenix  
  82  6:10  Probe (Chrono Boost)  
  83  6:12  Phoenix  
  89  6:18  Probe (Chrono Boost)  
  89  6:20  Probe (Chrono Boost)  
  89  6:22  Probe (Chrono Boost)  
  89  6:23  Protoss Ground Weapons Level 1  
  90  6:29  Probe (Chrono Boost)  
  90  6:32  Probe (Chrono Boost)  
  92  6:49  Probe (Chrono Boost), Phoenix  
  92  6:52  Probe (Chrono Boost), Phoenix  
  88  6:57  Immortal  
  88  7:01  Immortal  
  82  7:05  Probe x2 (Chrono Boost)  
  90  7:09  Assimilator  
  90  7:10  Assimilator  
  90  7:11  Probe (Chrono Boost)  
  92  7:17  Probe (Chrono Boost)  
  92  7:18  Charge  
  92  7:23  Pylon  
  92  7:24  Pylon  
  92  7:27  Zealot x3  
  98  7:31  Gateway  
  98  7:34  Gateway  
  100  7:37  Probe x2 (Chrono Boost)  
  100  7:38  Immortal  
  100  7:39  Pylon  
  100  7:40  Pylon  
  104  7:48  Immortal  
  108  8:02  Templar Archives  
  108  8:05  Probe x2 (Chrono Boost)  
  110  8:10  Sentry x3  
  114  8:15  Gateway  
  114  8:18  Gateway x2  
  117  8:20  Probe x3 (Chrono Boost), Gateway  
  117  8:23  Protoss Ground Weapons Level 2  
  117  8:24  Immortal  
  121  8:28  Observer  
  121  8:32  Psionic Storm  
  122  8:44  Pylon  
  122  8:45  Pylon  
  122  8:52  Warp Prism  
  124  8:57  Nexus  
  124  9:01  Pylon  
  124  9:04  High Templar x2  
  128  9:15  High Templar  
  128  9:18  Zealot x2  
  128  9:22  Photon Cannon  
  128  9:23  Immortal  
  132  9:25  Photon Cannon  
  132  9:26  Photon Cannon  
  135  9:36  High Templar  
  135  9:37  High Templar, Zealot  
  134  9:51  Zealot x3  
  131  10:02  Pylon  
  131  10:04  Pylon  
  131  10:05  Pylon  
  131  10:14  High Templar  
  131  10:15  Immortal  
  131  10:16  Nexus  
  131  10:21  Immortal  
  141  10:23  Photon Cannon  
  141  10:24  Pylon  
  141  10:25  Pylon  
  141  10:28  High Templar x2  
  145  10:37  High Templar x2  
  145  10:41  Pylon  
  149  10:43  Pylon  
  149  10:45  Assimilator  
  149  10:49  Assimilator  
  146  11:00  Observer  
  146  11:02  Protoss Ground Weapons Level 3  
  147  11:07  Zealot x7  
  145  11:28  Warp Prism  
  145  11:30  High Templar x4  
  155  11:34  Nexus  
  155  11:35  Archon x2  
  149  11:43  Pylon  
  132  11:48  Archon  
  132  11:50  Zealot x5  
  122  11:59  Immortal  
  96  12:03  Zealot x4  
  98  12:11  High Templar x3  
  98  12:12  High Templar  
  98  12:14  Immortal  
  109  12:20  Zealot  
  111  12:25  Zealot x2  
  101  12:37  Archon  
  82  12:44  Zealot x4  
  84  12:56  High Templar x4  
  93  12:59  Probe (Chrono Boost)  
  93  13:00  Archon x2  
  93  13:04  Probe x2 (Chrono Boost)  
  95  13:07  Sentry  
  97  13:19  Immortal  
  95  13:27  Probe x2 (Chrono Boost)  
  95  13:32  High Templar x2, Zealot x2  
  103  13:37  Zealot  
  105  13:51  Nexus  
  105  13:52  High Templar x2  
  99  14:15  High Templar  
  99  14:16  High Templar, Zealot x5  
  109  14:28  Immortal, Nexus  
  109  14:29  High Templar  
  115  14:39  Pylon  
  115  14:43  Immortal  
  119  14:50  Pylon  
  119  15:03  Immortal  
  113  15:14  Stalker x2  
  113  15:15  Stalker  
  113  15:17  Warp Prism  
  113  15:20  Stalker  
  121  15:42  Zealot x2  
  121  15:43  Zealot x3  
  125  15:51  High Templar x2  
  125  16:14  Stalker x2  
  125  16:18  Zealot x4  
  118  16:28  Zealot x2  
  118  16:32  Zealot  
Show
View Real Time Build Order
Export as new Build Order

Lambo Zerg - Winner!

Build Orders: Hatch First 

Get SALT Encoding   

  12  0:00  Drone  
  13  0:12  Overlord  
  13  0:16  Drone  
  14  0:30  Drone x2  
  16  0:40  Drone  
  17  0:53  Hatchery  
  17  0:56  Drone  
  17  0:59  Drone  
  18  1:10  Extractor  
  17  1:15  Spawning Pool  
  17  1:17  Drone  
  17  1:20  Drone  
  18  1:28  Drone  
  19  1:40  Overlord  
  19  1:49  Drone  
  20  2:02  Queen  
  20  2:03  Zergling x2  
  20  2:05  Queen, Zergling x2  
  26  2:11  Metabolic Boost  
  26  2:12  Drone  
  27  2:16  Drone  
  28  2:23  Drone  
  29  2:30  Drone  
  30  2:38  Hatchery  
  30  2:40  Drone  
  30  2:48  Queen  
  32  2:52  Drone  
  32  2:54  Overlord  
  32  2:58  Drone  
  34  3:01  Drone  
  34  3:02  Drone  
  36  3:12  Drone x4  
  40  3:16  Overlord  
  40  3:18  Drone  
  41  3:21  Overlord  
  41  3:24  Drone  
  42  3:33  Overlord  
  42  3:34  Queen  
  44  3:42  Drone x2, Baneling Nest  
  45  3:48  Drone x2  
  45  3:49  Drone  
  45  3:51  Drone x2  
  45  3:54  Drone x2  
  52  4:00  Drone  
  52  4:01  Drone x2  
  52  4:02  Zergling x2  
  56  4:03  Zergling x2  
  56  4:07  Zergling x2  
  58  4:12  Overlord  
  58  4:13  Zergling x4  
  60  4:18  Queen  
  60  4:19  Overlord  
  60  4:22  Zergling x2  
  60  4:23  Evolution Chamber  
  62  4:25  Overlord  
  62  4:29  Zergling x6  
  65  4:32  Zergling x4  
  65  4:35  Lair  
  66  4:41  Baneling  
  66  4:42  Baneling  
  66  4:43  Baneling x4  
  66  4:44  Zergling x2  
  66  4:45  Zergling x6  
  70  4:48  Drone x3  
  73  4:55  Overlord  
  73  4:57  Drone x5  
  76  5:07  Drone x6  
  76  5:10  Overlord  
  76  5:11  Extractor  
  79  5:14  Queen  
  79  5:18  Zerg Melee Weapons Level 1, Extractor  
  79  5:20  Zergling x8  
  79  5:21  Zergling x2  
  85  5:23  Drone  
  85  5:25  Extractor  
  85  5:26  Extractor  
  84  5:31  Overlord  
  84  5:34  Drone x2  
  84  5:35  Drone, Overlord  
  87  5:42  Overlord  
  87  5:46  Drone  
  87  5:47  Drone x4  
  87  5:49  Extractor  
  91  5:50  Hydralisk Den  
  91  5:56  Hatchery  
  89  5:57  Drone x3  
  89  5:58  Drone x2  
  89  6:02  Drone x2  
  96  6:05  Spore Crawler x2  
  96  6:08  Spore Crawler  
  96  6:09  Spore Crawler  
  96  6:10  Spore Crawler  
  96  6:11  Spore Crawler  
  88  6:12  Drone x2  
  88  6:16  Drone x2  
  90  6:19  Spore Crawler  
  90  6:20  Overlord  
  90  6:24  Muscular Augments  
  85  6:27  Drone x3  
  85  6:29  Drone  
  85  6:32  Overlord  
  87  6:36  Baneling x3  
  87  6:37  Zergling x6  
  89  6:45  Zergling x14  
  93  6:49  Zergling x4  
  86  6:58  Drone x3  
  86  7:01  Queen  
  85  7:15  Hydralisk x3, Spore Crawler  
  84  7:16  Hydralisk x4  
  84  7:19  Drone, Hydralisk  
  84  7:21  Zerg Melee Weapons Level 2  
  101  7:23  Centrifical Hooks  
  101  7:25  Drone  
  101  7:26  Drone  
  104  7:30  Drone  
  104  7:40  Overlord x3  
  104  7:46  Queen, Overlord x2  
  102  7:58  Hydralisk x2  
  100  7:59  Hydralisk x5  
  100  8:01  Hydralisk  
  100  8:02  Hydralisk  
  118  8:13  Drone x9  
  127  8:22  Drone  
  127  8:26  Overlord x2  
  128  8:34  Overlord  
  128  8:41  Overlord  
  127  8:44  Queen  
  127  8:45  Hydralisk x4  
  127  8:47  Overlord x3  
  137  8:49  Overseer, Hydralisk x2  
  137  8:53  Zergling x6  
  144  8:56  Baneling x7  
  144  9:00  Zergling x8  
  144  9:01  Zergling x2  
  144  9:02  Baneling x2  
  149  9:09  Hydralisk x4  
  150  9:12  Hydralisk  
  150  9:13  Zergling x2  
  150  9:16  Baneling  
  150  9:17  Hydralisk, Baneling x4  
  154  9:22  Zergling x6, Hydralisk  
  161  9:25  Zergling x4  
  161  9:31  Baneling x4  
  163  9:32  Zergling x10  
  163  9:35  Zergling x6  
  163  9:38  Zerg Missile Weapons Level 1  
  162  9:45  Hydralisk x2  
  162  9:46  Zergling x10  
  162  9:49  Overlord  
  162  9:50  Hydralisk  
  162  9:51  Zergling x2, Hydralisk  
  162  9:52  Zergling x2  
  172  10:09  Zergling x12, Hydralisk, Hatchery  
  172  10:10  Infestation Pit  
  178  10:14  Zergling x8  
  178  10:15  Zergling x2  
  178  10:21  Baneling x17  
  183  10:29  Zergling x2  
  183  10:30  Zergling x12  
  183  10:35  Baneling x2  
  190  10:36  Baneling x5  
  190  10:45  Zergling x2  
  190  10:46  Zergling x2  
  182  10:57  Zergling x8  
  182  11:02  Hive  
  181  11:05  Spire, Zergling x2, Hydralisk x2  
  181  11:06  Zergling x8, Hydralisk  
  181  11:09  Zergling x10  
  187  11:15  Zergling x6  
  187  11:18  Pneumatized Carapace  
  168  11:21  Zergling x2  
  168  11:22  Zergling x6  
  170  11:33  Baneling x3  
  170  11:36  Drone  
  170  11:37  Drone  
  170  11:38  Zergling x2  
  170  11:39  Zergling x10  
  145  11:50  Hydralisk  
  145  11:51  Zergling x2, Hydralisk  
  128  11:55  Zergling x2, Hydralisk  
  128  11:56  Zergling x6, Hydralisk  
  128  11:59  Zergling x4, Hydralisk x3  
  130  12:03  Hydralisk  
  130  12:04  Zergling x4, Hydralisk x2  
  130  12:05  Zergling x2  
  131  12:09  Hydralisk x3  
  131  12:10  Zergling x6  
  131  12:13  Baneling x6  
  140  12:16  Zergling x4, Overseer, Hydralisk  
  140  12:21  Zergling x4  
  140  12:22  Zerg Melee Weapons Level 3  
  146  12:24  Baneling x3  
  146  12:25  Zergling x2  
  146  12:29  Zergling x6  
  150  12:34  Zergling x2  
  131  12:38  Hydralisk  
  131  12:39  Zergling x6, Hydralisk x2  
  131  12:43  Zergling x6, Hydralisk  
  133  12:47  Hydralisk x2  
  125  12:53  Hydralisk x2  
  125  12:54  Zergling x4  
  125  12:55  Baneling  
  125  12:56  Baneling x2  
  131  12:59  Zergling x4  
  131  13:03  Baneling x6  
  131  13:04  Zergling x2  
  134  13:07  Zergling x4, Hydralisk  
  134  13:12  Zergling x2, Hydralisk  
  132  13:13  Zergling x4  
  132  13:16  Zergling x6  
  132  13:19  Zergling x4  
  130  13:20  Zergling x2  
  130  13:21  Baneling x4  
  130  13:23  Hydralisk  
  130  13:24  Hydralisk  
  130  13:31  Hydralisk x3  
  130  13:32  Zergling x4  
  130  13:33  Baneling  
  130  13:34  Baneling x2  
  138  13:36  Hydralisk  
  138  13:39  Zergling x2  
  138  13:40  Zergling x6  
  144  13:41  Baneling  
  144  13:42  Baneling  
  144  13:44  Drone x3  
  144  13:46  Zergling x2  
  148  13:50  Greater Spire  
  148  13:51  Zergling x2, Hydralisk  
  148  13:53  Baneling x5  
  148  13:55  Zergling x2  
  152  14:01  Zergling x6, Hydralisk  
  152  14:02  Zergling x2  
  158  14:04  Zergling x4  
  158  14:09  Zergling x6  
  152  14:10  Zergling x4  
  152  14:15  Zergling x12  
  152  14:16  Zergling x4  
  154  14:22  Baneling  
  154  14:23  Mutalisk x2  
  154  14:24  Mutalisk  
  157  14:37  Drone x2  
  157  14:38  Drone x2  
  161  14:45  Zergling x12, Hydralisk x3  
  173  14:56  Overlord  
  173  15:00  Hydralisk x2  
  173  15:01  Zergling x6  
  180  15:07  Zergling x4  
  180  15:08  Adrenal Glands  
  181  15:17  Corruptor x2  
  185  15:22  Extractor x2, Baneling x2  
  185  15:23  Zergling x4  
  185  15:24  Zergling x10  
  188  15:31  Zergling x4  
  189  15:35  Baneling  
  189  15:36  Baneling x5  
  187  15:43  Zergling x4  
  171  15:50  Corruptor x2  
  171  15:52  Zergling x2  
  171  15:53  Zergling x18  
  184  16:01  Zergling x14  
  189  16:06  Zergling x4  
  189  16:09  Zergling x2  
  189  16:10  Zergling x10  
  187  16:17  Baneling x4  
  184  16:19  Zergling x4  
  184  16:23  Zergling x8  
  168  16:26  Zergling x8, Hydralisk x2  
  168  16:29  Zergling x8, Hydralisk x2  
  144  16:33  Zergling x4  
  144  16:36  Zergling x4  
Tags
 
Add a new tag
Caveats
  • Supply blocks, unpowered buildings, or Contaminate may cause inaccurate times.
  • Supply counts are checked every 10 seconds.